[Event "IV Elllobregat Open Chess Tmnt"]
[Site "Sant Boi de Llobregat, Spain"]
[Date "2023.12.02"]
[Round "3.21"]
[White "Jacobson, Brandon"]
[Black "Valenzuela Gomez, Fernando"]
[Result "1-0"]
[TimeControl "90min/40moves + 15min/end + 30sec from move 1"]
[WhiteFideId "30901561"]
[BlackFideId "3409392"]
[WhiteElo "2538"]
[BlackElo "2383"]

1. d4 d5 2. c4 e6 3. Nf3 Nf6 4. g3 Be7 5. Bg2 O-O 6. Nc3 dxc4 7. Ne5 Nc6 8. Bxc6 bxc6 9. Nxc6 Qe8 10.
Nxe7+ Qxe7 11. Qa4 Nd5 12. O-O a5 13. Re1 Nb4 14. Bf4 Bd7 15. Qd1 Bc6 16. b3 cxb3 17. Qxb3 Rfb8 18. Qc4 Qd7 19.
Rec1 Nd5 20. Nxd5 Bxd5 21. Qd3 Ra7 22. Rc5 h6 23. e4 Ba8 24. Rac1 Rd8 25. Bxc7 Rc8 26. Bb6 Rxc5 27. Rxc5 Rb7 28.
Bxa5 Rb8 29. Bc3 Rc8 30. Ra5 Bb7 31. f3 Ra8 32. Qb5 Qc8 33. Qc5 Qd7 34. Qb5 Qc8 35. Qc5 Qd7 36. Rxa8+ Bxa8 37.
Qe5 Qa7 38. a4 Kh7 39. a5 Qb7 40. Qf4 Qb1+ 41. Kf2 Qb3 42. Qd2 Qc4 43. g4 Bb7 44. h4 f6 45. Qe3 Bc6 46. Kg2 Bb7 47.
Kf2 Bc6 48. d5 exd5 49. e5 d4 50. Bxd4 fxe5 51. Qxe5 Qf7 52. f4 Bd7 53. Kg3 Bc8 54. h5 Qb7 55. a6 Qd7 56. f5 Bxa6 57.
f6 Bc8 58. Qe4+ Kg8 59. fxg7 Qe6 60. Qf4 Kh7 61. Be5 Qd5 62. Qf6 Qd7 63. g8=Q+ Kxg8 64. Qg6+ 1-0

[Event "IV Elllobregat Open Chess Tmnt"]
[Site "Sant Boi de Llobregat, Spain"]
[Date "2023.12.02"]
[Round "3.22"]
[White "Vega Gutierrez, Sabrina"]
[Black "Alsina Leal, Daniel"]
[Result "0-1"]
[TimeControl "90min/40moves + 15min/end + 30sec from move 1"]
[WhiteFideId "2219026"]
[BlackFideId "2252627"]
[WhiteElo "2381"]
[BlackElo "2533"]

1. e4 c5 2. Nf3 d6 3. d4 cxd4 4. Nxd4 Nf6 5. Nc3 g6 6. Be3 Bg7 7. f3 O-O 8. Qd2 Nc6 9. Nb3 a5 10.
a4 Nb4 11. O-O-O Be6 12. Kb1 Rc8 13. Bb5 Nd7 14. Bd4 Ne5 15. f4 Nc4 16. Qe2 Qc7 17. Bxg7 Kxg7 18. Nd5 Bxd5 19. exd5 Ne3 20.
c3 Nbxd5 21. Rd3 Nxg2 22. Rxd5 Nxf4 23. Qf3 Nxd5 24. Qxd5 e6 25. Qd4+ e5 26. Qd5 f5 27. Rd1 Rf6 28.
Nd2 Qe7 29. Nc4 Rc5 30. Qd2 d5 31. Nxa5 Rd6 32. Nc4 Rd8 33. Qe3 Rxc4 34. Bxc4 dxc4 35. Rxd8 Qxd8 36. Qxe5+ Kf7 37. Qb5 Qd3+ 38.
Ka2 Qe4 39. Qd7+ Kg8 40. a5 f4 41. h4 f3 42. Qd8+ Kg7 43. Qd7+ Kf6 44. Qxh7 Qd5 45. Qh8+ Kf5 46. h5 gxh5 47.
Qxh5+ Ke4 48. Qh4+ Kd3 49. Qf2 Qxa5+ 50. Kb1 Qd5 51. Kc1 Ke4 52. Qh4+ Ke5 53. Qg5+ Kd6 54. Qf6+ Kd7 55. Qg7+ Kc6 56.
Qg6+ Kc5 57. Qf6 Qe4 58. Qf8+ Kb5 59. Qb4+ Kc6 60. Qa4+ Kd6 61. Qb4+ Ke6 62. Qb6+ Kf5 63. Qc5+ Kg4 64.
Qg1+ Kf5 65. Qc5+ Kf4 66. Qd6+ Kg4 67. Qd2 Qf4 0-1

[Event "IV Elllobregat Open Chess Tmnt"]
[Site "Sant Boi de Llobregat, Spain"]
[Date "2023.12.02"]
[Round "3.23"]
[White "Lamard, Guillaume"]
[Black "Suarez Uriel, Adrian"]
[Result "1-0"]
[TimeControl "90min/40moves + 15min/end + 30sec from move 1"]
[WhiteFideId "600261"]
[BlackFideId "22230874"]
[WhiteElo "2514"]
[BlackElo "2375"]

1. e4 c5 2. Nf3 d6 3. d4 cxd4 4. Nxd4 Nf6 5. Nc3 a6 6. f3 e5 7. Nb3 Be6 8. Be3 Be7 9. Qd2 h5 10.
Be2 Nbd7 11. Nd5 Bxd5 12. exd5 Qc7 13. Rc1 h4 14. O-O Nh5 15. Rfd1 O-O 16. a4 f5 17. c4 h3 18. c5 Bh4 19.
c6 Ndf6 20. Qb4 Nf4 21. Bxf4 exf4 22. Qxb7 Qd8 23. Nd4 Qe8 24. Ne6 Qg6 25. Bf1 hxg2 26. Bd3 Ne4 27. Rc2 Bf2+ 28. Rxf2 Nxf2 29.
Kxf2 Rab8 30. Nxf8 Qe8 31. Ne6 Rxb7 32. cxb7 Qb8 33. Bxa6 Kh7 34. Kxg2 1-0

[Event "IV Elllobregat Open Chess Tmnt"]
[Site "Sant Boi de Llobregat, Spain"]
[Date "2023.12.02"]
[Round "3.24"]
[White "Anand, Batsukh"]
[Black "Bharath, Subramaniyam H"]
[Result "1/2-1/2"]
[TimeControl "90min/40moves + 15min/end + 30sec from move 1"]
[WhiteFideId "4903510"]
[BlackFideId "46634827"]
[WhiteElo "2369"]
[BlackElo "2504"]

1. Nf3 d5 2. d4 Nf6 3. c4 e6 4.
g3 Bb4+ 5. Bd2 Be7 6. Bg2 O-O 7. O-O c6 8. Qc2 Nbd7 9. Rd1 a5 10. Bf4 a4 11. Nc3 Qa5 12. c5 b6 13. cxb6 Bb7 14.
e4 Nxb6 15. e5 Nfd7 16. Bd2 Qa7 17. Bg5 Rfe8 18. h4 Nc4 19. b3 Ncb6 20. Rab1 axb3 21. axb3 Bb4 22. h5 Qa5 23. Ne2 h6 24.
Bd2 c5 25. Bxb4 Qxb4 26. dxc5 Nxc5 27. Rd4 Qa3 28. Nc3 Ba6 29. b4 Bd3 30. Rxd3 Nxd3 31. Nb5 Nxb4 32. Qc5 Qa5 33. Qxb4 Qxb4 34.
Rxb4 Nc4 35. Bf1 Rab8 36. Rxc4 dxc4 37. Bxc4 Rec8 38. Nd6 Rc5 39. Kg2 Rb4 40. Bd3 Rc3 41. Be2 Kf8 42. Nb5 Rc2 43.
Bd3 Ra2 44. Nd6 Ra3 45. Bf1 Ra1 46. Bd3 Rd1 47. Be2 Rc1 48. Nb5 Rc5 49. Nbd4 Rd5 50. Nc2 Rb2 51. Ncd4 Rxd4 52. Nxd4 Rd2 53.
Nxe6+ fxe6 54. Kf3 Ke7 55. Ke3 Rb2 56. f4 Rb3+ 57. Kf2 Kd7 58. Bg4 Rc3 59. Kg2 Ra3 60. Kf2 Rc3 61. Kg2 Rc6 62.
Kf3 Ra6 63. Kf2 Ra3 64. Kg2 Ra2+ 65. Kf3 Rh2 66. Ke3 Ke7 67. Kf3 Kd7 68. Ke3 Ke7 69. Kf3 Kd7 1/2-1/2

[Event "IV Elllobregat Open Chess Tmnt"]
[Site "Sant Boi de Llobregat, Spain"]
[Date "2023.12.02"]
[Round "3.25"]
[White "Savitha, Shri B"]
[Black "Szpar, Milosz"]
[Result "0-1"]
[TimeControl "90min/40moves + 15min/end + 30sec from move 1"]
[WhiteFideId "35061887"]
[BlackFideId "1184989"]
[WhiteElo "2364"]
[BlackElo "2485"]

1. e4 e6 2. d4 d5 3. Nc3 Nf6 4. e5 Nfd7 5. f4 c5 6.
Nf3 Nc6 7. Be3 cxd4 8. Nxd4 Qb6 9. Qd2 Qxb2 10. Rb1 Qa3 11. Bb5 Nxd4 12. Bxd4 a6 13. Bxd7+ Bxd7 14. Rb3 Qe7 15. Rxb7 Rc8 16.
O-O Qd8 17. Qe3 Rc4 18. Kh1 Be7 19. f5 Bg5 20. Qd3 O-O 21. f6 gxf6 22. exf6 h6 23. Be5 Kh8 24. Rb8 Qxb8 25. Bxb8 Rxb8 26.
Qg3 Rg8 27. Qd6 Bc6 28. Ne2 d4 29. Ng3 Rxc2 30. Rg1 Be3 31. Qe7 Bxg1 32. Kxg1 Rxg2+ 33. Kf1 Rb8 0-1

[Event "IV Elllobregat Open Chess Tmnt"]
[Site "Sant Boi de Llobregat, Spain"]
[Date "2023.12.02"]
[Round "3.26"]
[White "Khademalsharieh, Sarasadat"]
[Black "Kamalidenova, Meruert"]
[Result "1-0"]
[TimeControl "90min/40moves + 15min/end + 30sec from move 1"]
[WhiteFideId "12512214"]
[BlackFideId "13712802"]
[WhiteElo "2481"]
[BlackElo "2359"]

1. Nf3 Nf6 2. c4 g6 3. d4 Bg7 4. g3 O-O 5. Bg2 d6 6. Nc3 c5 7. O-O Nc6 8. dxc5 dxc5 9. Bf4 Be6 10.
Ne5 Na5 11. Nd3 Rc8 12. b3 Nh5 13. Be5 f6 14. Bf4 Bf7 15. Be3 f5 16. Qc1 Qd6 17. Nb5 Qb6 18. Rb1 a6 19. Nc3 Qd6 20.
Rd1 Bd4 21. Bh6 Rfd8 22. e3 Bh8 23. Nf4 Qe5 24. Ncd5 Nc6 25. Nxh5 gxh5 26. Qa3 Qd6 27. Bg5 Kf8 28. Bf4 e5 29.
Bg5 Rd7 30. Nc3 Qe6 31. Rxd7 Qxd7 32. Rd1 Qe8 33. Qxc5+ Kg7 34. Rd6 Nd4 35. Qa5 Ne6 36. Bh4 b5 37. Qxa6 bxc4 38. bxc4 Nc5 39.
Qa7 e4 40. Nd5 Kf8 41. Ne7 Nb7 42. Qxb7 Rb8 43. Qc7 Be5 44. Bg5 Rb1+ 45. Bf1 Be6 46. Bh6+ Kf7 47. Nc6+ Kg6 48. Nxe5+ Kxh6 49.
Qc6 1-0

[Event "IV Elllobregat Open Chess Tmnt"]
[Site "Sant Boi de Llobregat, Spain"]
[Date "2023.12.02"]
[Round "3.27"]
[White "Suyarov, Mukhammadzokhid"]
[Black "Seo, Jung Min"]
[Result "1/2-1/2"]
[TimeControl "90min/40moves + 15min/end + 30sec from move 1"]
[WhiteFideId "14210495"]
[BlackFideId "1734687"]
[WhiteElo "2359"]
[BlackElo "2480"]

1. e4 c5 2. Nf3 d6 3. Bb5+ Nd7 4. d4 cxd4 5. Qxd4 a6 6. Bxd7+ Bxd7 7. O-O Rc8 8. c4 e5 9. Qd3 b5 10.
Na3 Qb6 11. Be3 Qb7 12. cxb5 axb5 13. Rac1 Rxc1 14. Rxc1 Nf6 15. Nd2 Be7 16. Bg5 Qb6 17. Nc2 O-O 18. Ne3 Qb8 19. Ndf1 h6 20.
Bxf6 Bxf6 21. Rd1 Be6 22. a3 Qb7 23. Ng3 Rd8 24. Nd5 Bg5 25. Nf5 g6 26. h4 Bxd5 27. hxg5 Bxe4 28. Nxh6+ Kg7 29.
Qg3 Qe7 30. Re1 Bf5 31. f4 Re8 32. fxe5 dxe5 33. Rf1 Qd7 34. Kh2 Qe6 35. Qf2 e4 36. Nxf5+ gxf5 37. Qxf5 Qxf5 38. Rxf5 e3 39.
Rf1 Rd8 40. Re1 Rd2 1/2-1/2

[Event "IV Elllobregat Open Chess Tmnt"]
[Site "Sant Boi de Llobregat, Spain"]
[Date "2023.12.02"]
[Round "3.28"]
[White "Sorensen, Hampus"]
[Black "Lucas, Arthur"]
[Result "1/2-1/2"]
[TimeControl "90min/40moves + 15min/end + 30sec from move 1"]
[WhiteFideId "8703884"]
[BlackFideId "26093073"]
[WhiteElo "2479"]
[BlackElo "2316"]

1. d4 Nf6 2. c4 c5 3. d5 g6 4. Nc3 Bg7 5. e4 d6 6.
Bd3 O-O 7. Nge2 e6 8. O-O exd5 9. cxd5 a6 10. a4 Nbd7 11. Ng3 h5 12. Bg5 Qc7 13. Qc1 c4 14. Bc2 Re8 15. h3 Nc5 16. f4 Nh7 17. Bh4 Bd7 18. Kh1 b5 19. axb5 axb5 20. Rxa8 Rxa8 21. e5 dxe5 22. f5 Nd3 23. Nxb5 Qb6 24. Bxd3 cxd3 25. Nc3 Qd4 26. fxg6 fxg6 27. Bg5 h4 28. Nge4 Bf5 29. Be3 Qb4 30. Bc5 Qc4 31. Qe3 Bxe4 32. Nxe4 Qxd5 33. Rd1 Rd8 34. Be7 Rd7 35. Bxh4 Qd4 36. Qf3 Rf7 37. Qg4 Nf8 38. Bg5 Qxb2 39. Rxd3 Qb1+ 40. Rd1 Rf1+ 41. Rxf1 Qxf1+ 42. Kh2 Qf5 43. Qe2 Ne6 44. Qc4 Kh7 45. Be3 Bh6 46. Nd6 Qf6 47. Ne4 Qf5 48. Nd6 1/2-1/2

[Event "IV Elllobregat Open Chess Tmnt"]
[Site "Sant Boi de Llobregat, Spain"]
[Date "2023.12.02"]
[Round "3.29"]
[White "Nazari, Arad"]
[Black "Lopez Martinez, Josep Manuel"]
[Result "1-0"]
[TimeControl "90min/40moves + 15min/end + 30sec from move 1"]
[WhiteFideId "12577324"]
[BlackFideId "2212943"]
[WhiteElo "2363"]
[BlackElo "2474"]

1. e4 c6 2. Nc3 d5 3. Nf3 Bg4 4. h3 Bxf3 5. Qxf3 e6 6. Be2 d4 7. Nb1 Ne7 8. h4 h5 9. d3 Ng6 10.
Qh3 Nd7 11. g3 a5 12. a4 Bb4+ 13. Nd2 Qc7 14. O-O O-O-O 15. Ra2 Kb8 16. Nb3 Nc5 17. Nd2 Ne5 18. Nb1 Na6 19. Bf4 Bd6 20.
c3 Ng4 21. Bxd6 Qxd6 22. Bxg4 hxg4 23. Qxg4 g6 24. Rd1 Qc7 25. Na3 Nc5 26. Qe2 f5 27. exf5 exf5 28. Nc4 dxc3 29. bxc3 f4 30.
Qe5 Rh5 31. Qxc7+ Kxc7 32. d4 fxg3 33. fxg3 g5 34. Re1 gxh4 35. dxc5 Rxc5 36. Re4 hxg3 37. Rb2 b5 38. Ne3 Rxc3 39.
axb5 cxb5 40. Rxb5 Kc6 41. Rxa5 Rd2 42. Ra6+ Kb7 43. Ra1 Re2 44. Rb4+ Kc6 45. Nf5 Kc5 46. Rb8 Rec2 47. Rd1 Kc6 48.
Nd4+ 1-0

[Event "IV Elllobregat Open Chess Tmnt"]
[Site "Sant Boi de Llobregat, Spain"]
[Date "2023.12.02"]
[Round "3.30"]
[White "Garcia Ramos, Daniel"]
[Black "Omonov, Asrorjon"]
[Result "0-1"]
[TimeControl "90min/40moves + 15min/end + 30sec from move 1"]
[WhiteFideId "32010311"]
[BlackFideId "14212552"]
[WhiteElo "2461"]
[BlackElo "2224"]

1. d4 Nf6 2. Nf3 e6 3. c4 b6 4. g3 Ba6 5. Qc2 b5 6. cxb5 Bxb5 7. Bg2 Bc6 8. O-O h6 9. Bd2 a5 10.
Rc1 Ra7 11. a4 Bb4 12. Bxb4 axb4 13. Nbd2 O-O 14. Bf1 d6 15. Qb3 Qd7 16. Qxb4 Rxa4 17. Rxa4 Bxa4 18. e4 Bc6 19. Bd3 Rd8 20.
Qa5 Ne8 21. b4 Qe7 22. b5 Bd7 23. Qa7 Kf8 24. Kg2 e5 25. Nf1 c5 26. Qa3 exd4 27. N1d2 Bc8 28. Nc4 Bb7 29. Qa7 f5 30.
Re1 Nf6 31. Nxd6 Rxd6 32. Qxb8+ Rd8 33. Qe5 fxe4 34. Qxe7+ Kxe7 35. Nd2 Kd7 36. Nxe4 c4 37. f3 cxd3 38. Nc5+ Kc8 39. Nxd3 Re8 40.
Rxe8+ Nxe8 41. Kf2 Kc7 42. Nf4 Kd6 43. Ke2 g5 44. Nd3 Nc7 45. b6 Nd5 46. Nf2 Ba6+ 47. Kd2 Nxb6 48. Ng4 Nc4+ 49.
Kc1 d3 50. Nxh6 d2+ 51. Kc2 Bb5 52. Nf5+ Kd5 53. Ne3+ Nxe3+ 54. Kxd2 Nf1+ 0-1

[Event "IV Elllobregat Open Chess Tmnt"]
[Site "Sant Boi de Llobregat, Spain"]
[Date "2023.12.02"]
[Round "3.31"]
[White "Kairbekova, Amina"]
[Black "Zwirs, Nico"]
[Result "0-1"]
[TimeControl "90min/40moves + 15min/end + 30sec from move 1"]
[WhiteFideId "13712799"]
[BlackFideId "1036432"]
[WhiteElo "2228"]
[BlackElo "2458"]

1. e4 c5 2. Nf3 d6 3. d4 cxd4 4. Nxd4 Nf6 5. Nc3 a6 6. Be2 e5 7. Nb3 Be7 8. Be3 Be6 9. Nd5 Nbd7 10. Qd3 Bxd5 11. exd5 Rc8 12. O-O-O Nb6 13. Kb1 O-O 14. Bf3 Nc4 15. Bc1 h6 16. g4 Re8 17. Be4 Nxe4 18. Qxe4 Bh4 19. Nd2 Nxd2+ 20. Bxd2 b5 21. Qf3 e4 22. Qe2 Qf6 23. Be3 Rc4 24. c3 Rec8 25. Rd4 Rxd4 26. Bxd4 Qg6 27. Ka1 Re8 28. Qd1 Qg5 29. Be3 Qe5 30. Qd4 Bg5 31. Qxe5 Rxe5 32. Bd4 Rxd5 33. Re1 Bh4 34. a4 f5 35. a5 b4 36. gxf5 Rxa5+ 37. Kb1 bxc3 38. Rxe4 Bf6 39. Bxf6 gxf6 40. bxc3 Rxf5 41. f4 Kf7 42. Kc2 Rh5 43. Re2 Kg6 44. Rd2 d5 45. Kb3 Rf5 46. Rd4 Kf7 47. Kb4 Ke6 48. Kc5 Rh5 49. h4 Rf5 50. Kc6 Rh5 51. Kc5 a5 52. Kc6 Ke7 53. Kc7 Rxh4 54. Rxd5 Rxf4 55. Rd7 Ke6 56. Rd6+ Ke5 57. Rc6 a4 58. Kd7 Rf3 59. Rc5+ Ke4 60. Ke6 Kd3 61. Ra5 Rf4 0-1

[Event "IV Elllobregat Open Chess Tmnt"]
[Site "Sant Boi de Llobregat, Spain"]
[Date "2023.12.02"]
[Round "3.32"]
[White "Van Der Hagen, Loek"]
[Black "Escobar Forero, Alder"]
[Result "1/2-1/2"]
[TimeControl "90min/40moves + 15min/end + 30sec from move 1"]
[WhiteFideId "1052853"]
[BlackFideId "4400801"]
[WhiteElo "2200"]
[BlackElo "2450"]

1. e4 c5 2. Nf3 a6 3. c4 Nc6 4. d4 cxd4 5. Nxd4 e5 6. Nf5 d5 7. Qxd5 Bxf5 8. exf5 Qxd5 9. cxd5 Nb4 10. Na3 Ne7 11. g4 h5 12. Bd2 Nexd5 13. g5 Bc5 14. O-O-O Nxa2+ 15. Kb1 Nab4 16. Nc4 f6 17. Bxb4 Nxb4 18. gxf6 gxf6 19. Nd6+ Ke7 20. Nxb7 Bd4 21. Rg1 Rac8 22. Rg7+ Kf8 23. Rg3 Rb8 24. Na5 Rg8 25. Rxg8+ Kxg8 26. Bc4+ Kh7 27. f4 Bb6 28. Rd7+ Kh6 29. Nb7 exf4 30. h4 Nc6 31. Rd6 Rxb7 32. Rxf6+ Kh7 33. Rxc6 Bd4 34. b3 f3 35. Rxa6 f2 36. Ka2 Rc7 37. Bd3 Rc3 38. Bb5 Rc1 39. b4 f1=Q 40. Bxf1 Rxf1 41. Rd6 Bf2 42. Rd7+ Kh6 43. Rd6+ Kg7 44. Rg6+ Kf7 45. Rg5 Bxh4 46. Rxh5 Be7 47. Rh7+ Kf6 48. Rh6+ Kxf5 49. b5 Rf4 50. Rh7 Ke6 51. Rh3 Kd5 52. b6 Kc6 53. b7 Kxb7 54. Rh7 Re4 55. Kb3 Kc6 56. Kc3 Bd6 57. Rh5 Be5+ 58. Kd3 Kd5 59. Rh7 Rg4 60. Rh3 Ra4 61. Kd2 Ra2+ 62. Kd1 Ke4 63. Ke1 Bf4 64. Kf1 Be3 65. Rh7 Rb2 66. Rh8 Kd3 67. Rd8+ Bd4 68. Rf8 Rb1+ 69. Kg2 Rg1+ 70. Kh3 Ke4 71. Ra8 Be5 72. Ra4+ Kf5 73. Ra3 Rg6 74. Rb3 Bf4 75. Rf3 Ke4 76. Rf2 Rg3+ 77. Kh2 Ke3 78. Rg2 Rg5+ 79. Kg1 Rh5 80. Ra2 Kf3 81. Rf2+ Ke4 82. Kg2 Rg5+ 83. Kh3 Kf5 84. Rf3 Rg6 85. Rf2 Rg1 86. Rf3 Rh1+ 87. Kg2 Rh6 88. Ra3 Rh2+ 89. Kf1 Rc2 90. Rb3 Ke4 91. Rh3 Be3 92. Rh4+ Kd3 93. Rh3 Rf2+ 94. Kg1 Ke4 95. Rg3 Rf5+ 96. Kg2 Rg5 1/2-1/2

[Event "IV Elllobregat Open Chess Tmnt"]
[Site "Sant Boi de Llobregat, Spain"]
[Date "2023.12.02"]
[Round "3.33"]
[White "Banos, Oscar"]
[Black "Haldorsen, Benjamin"]
[Result "1/2-1/2"]
[TimeControl "90min/40moves + 15min/end + 30sec from move 1"]
[WhiteFideId "107174"]
[BlackFideId "1512633"]
[WhiteElo "2188"]
[BlackElo "2445"]

1. Nf3 Nf6 2. c4 b6 3. e3 Bb7 4.
d4 g6 5.
Be2 Bg7 6. O-O O-O 7. b4 e6 8.
Nbd2 d6 9. Bb2 Nbd7 10. a4 c5 11. Qb3 Rb8 12.
Bc3 e5 13. Qb2 a5 14. bxa5 bxa5 15.
Qa3 exd4 16. exd4 Re8 17. Rfe1 Ne4 18. Nxe4 Bxe4 19. dxc5 Nxc5 20. Bxg7 Bxf3 21. Qxf3 Kxg7 22. Qc3+ Qf6 23. Qxf6+ Kxf6 24. Kf1 Rb4 25. Red1 Ke7 26. Bf3 Kd7 27.
Bd5 f6 28. Ra3 Re7 29. Ra2 Kc7 30. g3 f5 31. h4 Nd7 32. Rad2 Rxa4 33. Rb1 Nc5 34. Rdb2 Rb4 35. Rxb4 axb4 36.
Rxb4 h6 37. Rb1 g5 38. Ra1 gxh4 39. Ra7+ 1/2-1/2

[Event "IV Elllobregat Open Chess Tmnt"]
[Site "Sant Boi de Llobregat, Spain"]
[Date "2023.12.02"]
[Round "3.34"]
[White "Shirov, Alexei"]
[Black "Wong, Zhenyong Jayden"]
[Result "1-0"]
[TimeControl "90min/40moves + 15min/end + 30sec from move 1"]
[WhiteFideId "2209390"]
[BlackFideId "5821975"]
[WhiteElo "2668"]
[BlackElo "2356"]

1. e4 c5 2. Nf3 e6 3. d4 cxd4 4. Nxd4 Nc6 5. Nc3 Qc7 6. Be3 a6 7. Qf3 Nf6 8.
O-O-O Ne5 9. Qg3 b5 10. f4 Neg4 11. Bg1 h5 12. e5 b4 13. Na4 Nd5 14. h3 Nh6 15.
f5 Bb7 16. Bd3 Be7 17. Kb1 h4 18. Qe1 Nf4 19. Be4 Nxg2 20. Bxg2 Bxg2 21. Rh2
Bd5 22. Rhd2 Rc8 23. Ka1 Bg5 24. Be3 Bxe3 25. Qxe3 exf5 26. Qg5 g6 27. Qf6 O-O 28. Nb6 Be4 29. e6
dxe6 30. Nxe6 fxe6 31. Qxg6+ Qg7 32. Qxe6+ 1-0

[Event "IV Elllobregat Open Chess Tmnt"]
[Site "Sant Boi de Llobregat, Spain"]
[Date "2023.12.02"]
[Round "3.35"]
[White "Sanal, Vahap"]
[Black "Lacasa Diaz, Jose Antonio"]
[Result "1-0"]
[TimeControl "90min/40moves + 15min/end + 30sec from move 1"]
[WhiteFideId "6300545"]
[BlackFideId "2203375"]
[WhiteElo "2608"]
[BlackElo "2352"]

1. e4 c5 2. Nf3 d6 3. d4 cxd4 4. Nxd4 Nf6 5. Nc3 g6 6. Be3 Bg7 7. Be2 Nc6 8. Qd2 Ng4 9. Bxg4 Bxg4 10.
f3 Be6 11. h4 Qa5 12. h5 gxh5 13. Nce2 Qxd2+ 14. Kxd2 Nxd4 15. Bxd4 Bxd4 16. Nxd4 Rg8 17. Rag1 Rg5 18. f4 Rg4 19.
g3 O-O-O 20. Rxh5 Rdg8 21. Rxh7 Rxg3 22. Rxg3 Rxg3 23. b3 Rh3 24. Rg7 Bd7 25. Rxf7 e5 26. fxe5 dxe5 27. Nf5 Rh2+ 28.
Kc3 Rh3+ 29. Kb4 b6 30. Re7 a5+ 31. Ka3 Bxf5 32. exf5 Rf3 33. Rxe5 Kc7 34. Kb2 Kd6 35. Rb5 Kc6 36.
a4 Kc7 37. Re5 Kd6 38. Re6+ Kc5 39. f6 Rf5 40. Kc3 b5 41. axb5 Kxb5 42. Kd4 1-0

[Event "IV Elllobregat Open Chess Tmnt"]
[Site "Sant Boi de Llobregat, Spain"]
[Date "2023.12.02"]
[Round "3.36"]
[White "Peralta, Fernando"]
[Black "Habans Aguerrea, Javier"]
[Result "1/2-1/2"]
[TimeControl "90min/40moves + 15min/end + 30sec from move 1"]
[WhiteFideId "105309"]
[BlackFideId "24524689"]
[WhiteElo "2580"]
[BlackElo "2345"]

1. d4 Nf6 2. c4 e6 3. Nf3 d5 4. cxd5 exd5 5. Nc3 Bb4 6. Bg5 h6 7. Bh4 Bf5 8. Qb3 Nc6 9. e3 g5 10.
Bg3 O-O 11. Be2 Ne4 12. O-O Bxc3 13. bxc3 Na5 14. Qb4 b6 15. Rad1 Qf6 16. Nd2 Nxg3 17. hxg3 Rac8 18. Nb3 c5 19.
dxc5 Nxb3 20. cxb6 Qxc3 21. Qxb3 Qxb3 22. axb3 axb6 23. Rxd5 Be6 24. Rb5 Rc2 25. Bd1 Rb2 26. Rxb6 Rd8 27.
Rb4 Rdd2 28. Rd4 Rxd4 29. exd4 Bxb3 30. Bf3 Kg7 31. g4 Rd2 32.
Rb1 Be6 33. Rb4 h5 34. gxh5 g4 35. d5 gxf3 36. dxe6 fxe6 37. g4 Kh6 38. Kh2 Rxf2+ 39. Kg3 Rf1 40. Rb6 Kg5 41. Rxe6 Rg1+ 42.
Kxf3 Rg3+ 43. Kxg3 1/2-1/2

[Event "IV Elllobregat Open Chess Tmnt"]
[Site "Sant Boi de Llobregat, Spain"]
[Date "2023.12.02"]
[Round "3.37"]
[White "Sosa, Tomas"]
[Black "Rey Martinez, Jaime"]
[Result "1-0"]
[TimeControl "90min/40moves + 15min/end + 30sec from move 1"]
[WhiteFideId "121576"]
[BlackFideId "54549264"]
[WhiteElo "2558"]
[BlackElo "2344"]

1. Nf3 c5 2. c4 g6 3. g3 Bg7 4. Bg2 Nc6 5. Nc3 e6 6. d4 cxd4 7. Nb5 d5 8. cxd5 Qa5+ 9. Nd2 Qxb5 10.
a4 Qb6 11. dxc6 Ne7 12. Nc4 Qb4+ 13. Bd2 Qxc4 14. cxb7 Bxb7 15. Bxb7 Rb8 16. Rc1 Qa2 17. Ba6 O-O 18. b4 Qd5 19.
O-O Qd6 20. b5 Nd5 21. Rc6 Qe5 22. Re1 Nc3 23. Qc2 Qd5 24. Bxc3 dxc3 25. Rd1 Qh5 26. Rc7 Rbd8 27. Bb7 Qg4 28.
f4 e5 29. Rxd8 Rxd8 30. Qb3 Qe6 31. Qxe6 fxe6 32. Bc8 Re8 33. e3 exf4 34. gxf4 Bf6 35. Bd7 Re7 36. Rc8+ Kg7 37. Bc6 e5 38. f5 e4 39. a5 Be5 40.
Bxe4 Bc7 41. fxg6 hxg6 42. b6 axb6 43. a6 Bd6 44. Bd3 Bc5 45. Kf1 g5 46. e4 g4 47. e5 Kf7 48. Rc6 Bd4 49.
Rf6+ Kg7 50. Rg6+ Kf7 51. e6+ Kf8 52.
Rxg4 Be5 53. Rb4 Bxh2 54. Rxb6 Kg7 55. Kg2 Be5 56. Kf3 Bd4 57. Rc6 Ra7 58. Ke4 Bf6 59. Rb6 Bd8 60. Rb7+ Rxb7 61.
axb7 Bc7 62. Kd5 1-0

[Event "IV Elllobregat Open Chess Tmnt"]
[Site "Sant Boi de Llobregat, Spain"]
[Date "2023.12.02"]
[Round "3.38"]
[White "Arizmendi Martinez, Julen Luis"]
[Black "Formento, Paolo"]
[Result "1-0"]
[TimeControl "90min/40moves + 15min/end + 30sec from move 1"]
[WhiteFideId "2205092"]
[BlackFideId "861162"]
[WhiteElo "2525"]
[BlackElo "2343"]

1. e4 e6 2. d4 d5 3. Nd2 c5 4. Ngf3 cxd4 5. Nxd4 Nf6 6. exd5 Nxd5 7. c3 Be7 8. N2f3 a6 9. Bd3 O-O 10.
O-O Qc7 11. Re1 Nd7 12. Bc2 N7f6 13. Ne5 Bd6 14. Ndf3 Rd8 15. Qd4 Ne7 16. Qh4 Ng6 17. Bxg6 hxg6 18. Bg5 Be7 19. Re3 Re8 20.
Rae1 Nh7 21. Nxf7 Bc5 22. N3e5 Bxe3 23. Rxe3 1-0

[Event "IV Elllobregat Open Chess Tmnt"]
[Site "Sant Boi de Llobregat, Spain"]
[Date "2023.12.02"]
[Round "3.39"]
[White "Van Dael, Siem"]
[Black "Sankalp, Gupta"]
[Result "1/2-1/2"]
[TimeControl "90min/40moves + 15min/end + 30sec from move 1"]
[WhiteFideId "1049771"]
[BlackFideId "5097010"]
[WhiteElo "2367"]
[BlackElo "2523"]

1. e4 c5 2. Nf3 d6 3. d4 cxd4 4. Nxd4 Nf6 5. Nc3 a6 6. Be3 e5 7. Nb3 Be7 8. f3 Be6 9. Qd2 h5 10.
O-O-O Nbd7 11. Kb1 Rc8 12. Bd3 b5 13. h3 h4 14. f4 Nh5 15. fxe5 Nxe5 16. Nd5 Bxd5 17. exd5 Ng3 18. Rhe1 O-O 19.
Nd4 Bf6 20. Bf4 Rc5 21. Nc6 Nxc6 22. dxc6 Rxc6 23. Bxg3 hxg3 24. Be4 Rc4 25. Qxd6 Qa5 26. Bd5 Qb4 27. Qxb4 Rxb4 28. Bb3 a5 29.
Re3 a4 30. a3 Rf4 31. Bd5 b4 32. Rxg3 bxa3 33. Rxa3 Rb8 34. b3 Rd8 35. bxa4 Rb4+ 36. Rb3 Rxa4 37. c3 Ra5 38. Bf3 Rxd1+ 39. Bxd1 Kf8 40. Bf3 Rc5 41. Kc2 Ke7 42. Kd3 Be5 43. c4 Rc7 44. Ra3 Bd6 45. Ra6 Bc5 46. Bd5 g6 47. Ke4 Bf2 48.
Ra1 Bc5 49. Ra6 Bf2 50. g4 Kf8 51. Rf6 Re7+ 52. Kd3 Bg1 53. Rf3 Kg7 54. h4 f6 55. Rf1 Bc5 56. Rb1 Bf2 57. h5 gxh5 58.
gxh5 Re5 59. Rb7+ Kh6 60. Rf7 f5 61. Rf6+ Kxh5 1/2-1/2

[Event "IV Elllobregat Open Chess Tmnt"]
[Site "Sant Boi de Llobregat, Spain"]
[Date "2023.12.02"]
[Round "3.40"]
[White "Pranav, Anand"]
[Black "Goh, Zi Han"]
[Result "1-0"]
[TimeControl "90min/40moves + 15min/end + 30sec from move 1"]
[WhiteFideId "46626786"]
[BlackFideId "5819156"]
[WhiteElo "2520"]
[BlackElo "2333"]

1. e4 c5 2. Nf3 d6 3. d4 cxd4 4. Nxd4 Nf6 5. Nc3 a6 6. Be3 e5 7. Nb3 Be6 8. f3 h5 9. Qd2 Nbd7 10.
Nd5 Nxd5 11. exd5 Bf5 12. Na5 Rc8 13. Nxb7 Qc7 14. Na5 Qxc2 15. Bxa6 Qxd2+ 16. Bxd2 Rc2 17. b4 Be7 18. Bb5 O-O 19.
Ba4 Rc7 20. O-O e4 21. Rae1 Bh4 22. fxe4 Bxe1 23. Rxe1 Nb6 24. Bc6 Bg6 25. Bf4 Nc8 26. Nc4 f5 27. e5 dxe5 28. Nxe5 Be8 29.
Ng6 Bxc6 30. Nxf8 Ra7 31. dxc6 Kxf8 32. b5 Rxa2 33. Rb1 Ra4 34. b6 Nxb6 35. Bd6+ 1-0

[Event "IV Elllobregat Open Chess Tmnt"]
[Site "Sant Boi de Llobregat, Spain"]
[Date "2023.12.02"]
[Round "3.41"]
[White "Madaminov, Mukhiddin"]
[Black "Gombocz, Ferenc Jr."]
[Result "1-0"]
[TimeControl "90min/40moves + 15min/end + 30sec from move 1"]
[WhiteFideId "14210703"]
[BlackFideId "775029"]
[WhiteElo "2494"]
[BlackElo "2319"]

1. e4 e5 2. Nf3 Nc6 3. Bb5 g6 4. O-O Bg7 5. c3 a6 6. Ba4 d6 7. d4 Bd7 8. h3 Nf6 9. Re1 O-O 10.
Bc2 Re8 11. Nbd2 Qe7 12. Nf1 Qf8 13. Ng3 Rad8 14. d5 Ne7 15. c4 Bh6 16. b4 Bxc1 17. Rxc1 c6 18. Bb3 cxd5 19. exd5 b5 20. c5 dxc5 21.
Rxc5 Nexd5 22. Rxd5 Nxd5 23. Qxd5 Be6 24. Qc5 Bxb3 25. axb3 Qxc5 26. bxc5 f5 27. Ne2 b4 28. Ra1 Re6 29.
Ra4 Rb8 30. c6 Rxc6 31. Nxe5 Rd6 32. Nf4 Rb5 33. Nc4 Rd1+ 34. Kh2 Rb1 35. Rxa6 Rb8 36. Ra7 Rxb3 37. Nd5 Rf8 38. Ne5 Ra3 39.
Rb7 Ra6 40. Nxb4 Rd6 41. Nbc6 f4 42. h4 Re6 43. Rc7 Rff6 44. Kh3 Kh8 45. Kg4 Rf5 46. Nxg6+ hxg6 47. Nd4 Ref6 48. Nxf5 Rxf5 49.
f3 Kg8 50. Rc4 Kg7 51. Rxf4 Rc5 52. g3 Rd5 53. Re4 Kf6 54. f4 Ra5 55. Re5 Ra3 56. h5 gxh5+ 57. Rxh5 Kg6 58. Rb5 Ra6 59.
f5+ Kf6 60. Rb4 1-0